| TOP OF THE 1ST |
|
Oakland Oaks batting - Pitching for Portland Angels : LHP Troy Trombino
|
|
Pitching: LHP Troy Trombino
|
|
|
Batting: LHB Justin LeFlore
|
0-0: Ball 1-0: Ball 2-0: Ball 3-0: Base on Balls
|
|
Batting: LHB Bryan Hodensack
|
0-0: Fly out, F9 (Flyball, 89S, EV 64.4 MPH)
|
|
Batting: RHB Phoctor Dill
|
0-0: Ball 1-0: Fly out, F7 (Flyball, 78S, EV 74.4 MPH)
|
|
Batting: RHB Pete Goerge
|
0-0: Ball 1-0: Fly out, F7 (Flyball, 7, EV 85.0 MPH)
|
| Top of the 1st over - 0 runs, 0 hits, 0 errors, 1 left on base; Oakland 0 - Portland 0 |
| BOTTOM OF THE 1ST |
|
Portland Angels batting - Pitching for Oakland Oaks : RHP Bob Waters
|
|
Pitching: RHP Bob Waters
|
|
|
Batting: RHB Ivan Barrientos
|
0-0: Ball 1-0: Ball 2-0: Called Strike 2-1: Foul Ball, location: 2F 2-2: Ball 3-2: Reached on error, E7 (Line Drive, 78M, EV 93.8 MPH)
|
|
Batting: RHB Steve Neely
|
0-0: Called Strike Ivan Barrientos steals 2nd base (no throw) 0-1: Called Strike 0-2: Ball 1-2: Strikes out looking
|
|
Batting: LHB Pavla Markianov
|
0-0: Called Strike 0-1: Ball 1-1: Swinging Strike 1-2: Foul Ball, location: 2F 1-2: Ball 2-2: Foul Ball, location: 2F 2-2: Ball 3-2: SINGLE (Groundball, 15S, EV 69.4 MPH) (infield hit) Ivan Barrientos to third
|
|
Batting: RHB Kyler Seitz
|
0-0: Ball 1-0: Called Strike Pavla Markianov steals 2nd base 1-1: Called Strike 1-2: Ball 2-2: Ball 3-2: Base on Balls
|
|
Batting: RHB Alex Rosaly
|
0-0: Ball 1-0: Ball 2-0: Called Strike 2-1: GRAND SLAM HOME RUN (Flyball, 7LD, EV 98.1 MPH), Distance : 348 ft
|
|
Batting: RHB Jesse Sargent
|
0-0: SINGLE (Groundball, 6MD, EV 104.4 MPH)
|
|
Batting: LHB Doug Nebel
|
0-0: Called Strike 0-1: Ball 1-1: Foul Ball, location: 2F 1-2: Strikes out swinging
|
|
Batting: RHB Mario Martinez
|
0-0: Fly out, F8 (Flyball, 8RD, EV 88.1 MPH)
|
| Bottom of the 1st over - 4 runs, 3 hits, 1 error, 1 left on base; Oakland 0 - Portland 4 |
| TOP OF THE 2ND |
|
Oakland Oaks batting - Pitching for Portland Angels : LHP Troy Trombino
|
|
Batting: RHB Shi-xian Da
|
0-0: Ball 1-0: SINGLE (Line Drive, 8LS, EV 95.6 MPH)
|
|
Batting: SHB Chris King
|
0-0: Ball 1-0: Fly out, F7 (Flyball, 78M, EV 76.2 MPH)
|
|
Batting: RHB Ricky Ulloa
|
0-0: Ball 1-0: Called Strike 1-1: Ball 2-1: Swinging Strike 2-2: Foul Ball, location: 2F 2-2: Strikes out swinging
|
|
Batting: RHB Matt Nehman
|
0-0: Called Strike 0-1: Called Strike 0-2: Ball 1-2: Ball 2-2: Foul Ball, location: 2F 2-2: Strikes out looking
|
| Top of the 2nd over - 0 runs, 1 hit, 0 errors, 1 left on base; Oakland 0 - Portland 4 |
| BOTTOM OF THE 2ND |
|
Portland Angels batting - Pitching for Oakland Oaks : RHP Bob Waters
|
|
Batting: LHB David Coatney
|
0-0: Called Strike 0-1: Ball 1-1: SINGLE (Groundball, 34D, EV 104.4 MPH)
|
|
Batting: RHB Ivan Barrientos
|
0-0: Called Strike 0-1: Ball 1-1: Called Strike 1-2: Foul Ball, location: 2F 1-2: Strikes out swinging
|
|
Batting: RHB Steve Neely
|
0-0: Ball 1-0: Fielders Choice at 2nd, 3-6 (Groundball, 3, EV 103.8 MPH)
|
|
Batting: LHB Pavla Markianov
|
0-0: Ball 1-0: Called Strike 1-1: Ball 2-1: Ball Steve Neely steals 2nd base 3-1: Base on Balls
|
|
Batting: RHB Kyler Seitz
|
0-0: Ball 1-0: Ball 2-0: Foul Ball, location: 2F 2-1: Ball 3-1: Base on Balls Steve Neely to third Pavla Markianov to second
|
|
Batting: RHB Alex Rosaly
|
0-0: Swinging Strike 0-1: Ball 1-1: Ball 2-1: SINGLE (Groundball, 6M, EV 108.8 MPH) Steve Neely scores Pavla Markianov to third Kyler Seitz to second Runner from 3rd tries for Home, SAFE, throw by CF to home
|
|
Batting: RHB Jesse Sargent
|
0-0: Called Strike 0-1: Fly out, F7 (Flyball, 7LM, EV 81.2 MPH)
|
| Bottom of the 2nd over - 2 runs, 2 hits, 0 errors, 2 left on base; Oakland 0 - Portland 6 |
| TOP OF THE 3RD |
|
Oakland Oaks batting - Pitching for Portland Angels : LHP Troy Trombino
|
|
Batting: RHB Mario Medina
|
0-0: Foul Ball, location: 2F 0-1: Fly out, F8 (Line Drive, 8RD, EV 88.1 MPH)
|
|
Batting: LHB Justin LeFlore
|
0-0: Swinging Strike 0-1: Ball 1-1: Ball 2-1: Foul Ball, location: 2F 2-2: Strikes out swinging, 2-3 out at first.
|
|
Batting: LHB Bryan Hodensack
|
0-0: Called Strike 0-1: Swinging Strike 0-2: Ball 1-2: Foul Ball, location: 2F 1-2: Ball 2-2: Foul Ball, location: 2F 2-2: Ball 3-2: SINGLE (Groundball, 6D, EV 98.1 MPH)
|
|
Batting: RHB Phoctor Dill
|
0-0: Swinging Strike 0-1: 2-RUN HOME RUN (Flyball, 7D, EV 98.1 MPH), Distance : 358 ft
|
|
Batting: RHB Pete Goerge
|
0-0: Swinging Strike 0-1: Ball 1-1: Fly out, F7 (Line Drive, 78M, EV 86.2 MPH)
|
| Top of the 3rd over - 2 runs, 2 hits, 0 errors, 0 left on base; Oakland 2 - Portland 6 |
| BOTTOM OF THE 3RD |
|
Portland Angels batting - Pitching for Oakland Oaks : RHP Bob Waters
|
|
Batting: LHB Doug Nebel
|
0-0: Swinging Strike 0-1: Fly out, F8 (Flyball, 89XD, EV 101.9 MPH)
|
|
Batting: RHB Mario Martinez
|
0-0: Ground out U3 (Groundball, 3S, EV 88.8 MPH)
|
|
Batting: LHB David Coatney
|
0-0: Called Strike 0-1: Ground out 5-3 (Groundball, 5, EV 103.1 MPH)
|
| Bottom of the 3rd over - 0 runs, 0 hits, 0 errors, 0 left on base; Oakland 2 - Portland 6 |
| TOP OF THE 4TH |
|
Oakland Oaks batting - Pitching for Portland Angels : LHP Troy Trombino
|
|
Batting: RHB Shi-xian Da
|
0-0: Fly out, F7 (Line Drive, 7LM, EV 99.4 MPH)
|
|
Batting: SHB Chris King
|
0-0: Called Strike 0-1: Fly out, F8 (Flyball, 8RM, EV 90.6 MPH)
|
|
Batting: RHB Ricky Ulloa
|
0-0: Fly out, F7 (Flyball, 7LSF, EV 86.9 MPH)
|
| Top of the 4th over - 0 runs, 0 hits, 0 errors, 0 left on base; Oakland 2 - Portland 6 |
| BOTTOM OF THE 4TH |
|
Portland Angels batting - Pitching for Oakland Oaks : RHP Bob Waters
|
|
Batting: RHB Ivan Barrientos
|
0-0: Ball 1-0: Fly out, F7 (Flyball, 78M, EV 88.8 MPH)
|
|
Batting: RHB Steve Neely
|
0-0: Ball 1-0: Reached on error, E6 (Groundball, 6S, EV 68.8 MPH)
|
|
Batting: LHB Pavla Markianov
|
0-0: Called Strike 0-1: Called Strike 0-2: Foul Ball, location: 2F 0-2: Ball 1-2: Ball Steve Neely steals 2nd base 2-2: Ball 3-2: SINGLE (Line Drive, 9S, EV 93.1 MPH) Steve Neely to third Runner from 3rd tries for Home, SAFE, throw by RF to home
|
|
Pitching: LHP Artemio Millares
|
|
|
Batting: RHB Kyler Seitz
|
0-0: Ball 1-0: Ball 2-0: Called Strike 2-1: Ball 3-1: Called Strike 3-2: Base on Balls Pavla Markianov to second
|
|
Batting: RHB Alex Rosaly
|
0-0: Hit by Pitch Pavla Markianov to third Kyler Seitz to second
|
|
Batting: RHB Jesse Sargent
|
0-0: Foul Ball, location: 2F 0-1: Swinging Strike 0-2: Strikes out swinging
|
|
Batting: LHB Doug Nebel
|
0-0: Ball 1-0: Called Strike 1-1: Foul Ball, location: 2F 1-2: Ball 2-2: Ball 3-2: Base on Balls Pavla Markianov scores Kyler Seitz to third Alex Rosaly to second
|
|
Batting: RHB Mario Martinez
|
0-0: Called Strike 0-1: SINGLE (Line Drive, 8LS, EV 95.0 MPH) Kyler Seitz scores Alex Rosaly to third Doug Nebel to second Runner from 3rd tries for Home, SAFE, throw by CF to home
|
|
Batting: LHB David Coatney
|
0-0: Ball 1-0: Called Strike 1-1: Swinging Strike 1-2: Foul Ball, location: 2F 1-2: Strikes out swinging wild pitch, reaches first! Doug Nebel to third Mario Martinez to second
|
|
Batting: RHB Ivan Barrientos
|
0-0: Ball 1-0: Ball 2-0: Ball 3-0: Called Strike 3-1: SINGLE (Flyball, 7S, EV 91.2 MPH) Doug Nebel scores Mario Martinez to third David Coatney to second Runner from 3rd tries for Home, SAFE, throw by LF to home
|
|
Pitching: RHP Herman McPherson
|
|
|
Batting: RHB Steve Neely
|
0-0: Ball 1-0: Ball 2-0: Foul Ball, location: 2F 2-1: Called Strike 2-2: Ball 3-2: Hit by Pitch David Coatney to third Ivan Barrientos to second
|
|
Batting: LHB Pavla Markianov
|
0-0: Called Strike 0-1: Called Strike 0-2: Ball 1-2: Ball 2-2: Strikes out swinging
|
| Bottom of the 4th over - 6 runs, 3 hits, 1 error, 3 left on base; Oakland 2 - Portland 12 |
| TOP OF THE 5TH |
|
Oakland Oaks batting - Pitching for Portland Angels : LHP Troy Trombino
|
|
Batting: RHB Matt Nehman
|
0-0: Called Strike 0-1: Ball 1-1: Called Strike 1-2: Strikes out swinging, 2-3 out at first.
|
|
Batting: RHB Mario Medina
|
0-0: Foul Ball, location: 2F 0-1: Ball 1-1: Ball 2-1: SOLO HOME RUN (Flyball, 78XD, EV 103.8 MPH), Distance : 389 ft
|
|
Batting: LHB Justin LeFlore
|
0-0: Ball 1-0: Called Strike 1-1: Ball 2-1: Ball 3-1: SINGLE (Line Drive, 6MD, EV 97.5 MPH)
|
|
Batting: LHB Bryan Hodensack
|
0-0: Called Strike Justin LeFlore steals 2nd base 0-1: Ground out U3 (Groundball, 34S, EV 91.9 MPH) Justin LeFlore to third
|
|
Batting: RHB Phoctor Dill
|
0-0: Ball 1-0: Ground out 5-3 (Groundball, 56, EV 106.9 MPH)
|
| Top of the 5th over - 1 run, 2 hits, 0 errors, 1 left on base; Oakland 3 - Portland 12 |
| BOTTOM OF THE 5TH |
|
Portland Angels batting - Pitching for Oakland Oaks : RHP Herman McPherson
|
|
Batting: RHB Kyler Seitz
|
0-0: Ball 1-0: Foul Ball, location: 2F 1-1: SINGLE (Line Drive, 9S, EV 106.2 MPH)
|
|
Batting: RHB Alex Rosaly
|
0-0: Called Strike 0-1: Ball 1-1: Ball 2-1: Fly out, F9 (Flyball, 9, EV 93.1 MPH)
|
|
Batting: RHB Jesse Sargent
|
0-0: Ball 1-0: Ball 2-0: Ball 3-0: Called Strike 3-1: Foul Ball, location: 2F 3-2: Grounds into double play, 4-6-3 (Groundball, 34, EV 91.9 MPH)
|
| Bottom of the 5th over - 0 runs, 1 hit, 0 errors, 0 left on base; Oakland 3 - Portland 12 |
| TOP OF THE 6TH |
|
Oakland Oaks batting - Pitching for Portland Angels : LHP Troy Trombino
|
|
Batting: RHB Pete Goerge
|
0-0: Hit by Pitch
|
|
Pinch Runner at 1st Diego Vega:
|
|
|
Batting: RHB Shi-xian Da
|
0-0: Ball Diego Vega is caught stealing 2nd base 2-4 1-0: Ball 2-0: Ball 3-0: Called Strike 3-1: Foul Ball, location: 2F 3-2: Base on Balls
|
|
Batting: SHB Chris King
|
0-0: Called Strike 0-1: Fly out, F8 (Flyball, 8LD, EV 91.9 MPH)
|
|
Batting: RHB Ricky Ulloa
|
0-0: Called Strike 0-1: Ball 1-1: SINGLE (Line Drive, 7S, EV 111.2 MPH) Shi-xian Da to second
|
|
Batting: RHB Matt Nehman
|
0-0: Ball 1-0: SINGLE (Line Drive, 4D, EV 106.9 MPH) Shi-xian Da to third Ricky Ulloa to second Runner from 3rd tries for Home, SAFE, throw by CF to home
|
|
Batting: RHB Mario Medina
|
0-0: Called Strike 0-1: Fly out, F6 (Popup, 56, EV 69.4 MPH)
|
| Top of the 6th over - 1 run, 2 hits, 0 errors, 2 left on base; Oakland 4 - Portland 12 |
| BOTTOM OF THE 6TH |
|
Portland Angels batting - Pitching for Oakland Oaks : RHP Herman McPherson
|
|
Now at 1B: Diego Vega
|
|
|
Batting: LHB Doug Nebel
|
0-0: Ball 1-0: Swinging Strike 1-1: Swinging Strike 1-2: Strikes out swinging
|
|
Batting: RHB Mario Martinez
|
0-0: Swinging Strike 0-1: Called Strike 0-2: Ball 1-2: Foul Ball, location: 2F 1-2: Foul Ball, location: 2F 1-2: Ball 2-2: Foul Ball, location: 2F 2-2: Strikes out swinging
|
|
Batting: LHB David Coatney
|
0-0: Ball 1-0: Foul Ball, location: 2F 1-1: Foul Ball, location: 2F 1-2: Strikes out swinging
|
| Bottom of the 6th over - 0 runs, 0 hits, 0 errors, 0 left on base; Oakland 4 - Portland 12 |
| TOP OF THE 7TH |
|
Oakland Oaks batting - Pitching for Portland Angels : LHP Troy Trombino
|
|
Pinch Hitting: RHB Colin Edwards
|
0-0: Ball 1-0: Foul Ball, location: 2F 1-1: Swinging Strike 1-2: Ground out 6-3 (Groundball, 6, EV 108.1 MPH)
|
|
Batting: LHB Bryan Hodensack
|
0-0: Ball 1-0: Ball 2-0: Swinging Strike 2-1: Called Strike 2-2: Ball 3-2: Strikes out swinging
|
|
Batting: RHB Phoctor Dill
|
0-0: Called Strike 0-1: SINGLE (Line Drive, 4D, EV 101.9 MPH)
|
|
Batting: LHB Diego Vega
|
0-0: Ball 1-0: Ball 2-0: Called Strike 2-1: Called Strike 2-2: Foul Ball, location: 2F 2-2: Strikes out swinging
|
| Top of the 7th over - 0 runs, 1 hit, 0 errors, 1 left on base; Oakland 4 - Portland 12 |
| BOTTOM OF THE 7TH |
|
Portland Angels batting - Pitching for Oakland Oaks : RHP Herman McPherson
|
|
Now in LF: Moises Guzman
|
|
|
Now in RF: Shi-xian Da
|
|
|
Batting: RHB Ivan Barrientos
|
0-0: Ball 1-0: Ball 2-0: Ball 3-0: Called Strike 3-1: Foul Ball, location: 2F 3-2: Base on Balls
|
|
Batting: RHB Steve Neely
|
0-0: Ball Ivan Barrientos is caught stealing 2nd base 2-4 1-0: Called Strike 1-1: Ball 2-1: Ball 3-1: Foul Ball, location: 2F 3-2: DOUBLE (Flyball, 7LD, EV 88.8 MPH)
|
|
Pitching: RHP Josh Rayburn
|
|
|
Batting: LHB Pavla Markianov
|
0-0: Ball 1-0: Ball 2-0: Ball 3-0: Base on Balls
|
|
Pinch Hitting: RHB Mark Squires
|
0-0: Swinging Strike 0-1: Ball 1-1: Ball 2-1: Foul Ball, location: 2F 2-2: SINGLE (Groundball, 4D, EV 96.9 MPH) Steve Neely to third Pavla Markianov to second Runner from 3rd tries for Home, throw by RF and OUT! 9-2
|
|
Batting: RHB Alex Rosaly
|
0-0: Ball 1-0: Swinging Strike 1-1: Foul Ball, location: 2F 1-2: Ball 2-2: Strikes out swinging
|
| Bottom of the 7th over - 0 runs, 2 hits, 0 errors, 2 left on base; Oakland 4 - Portland 12 |
| TOP OF THE 8TH |
|
Oakland Oaks batting - Pitching for Portland Angels : LHP Troy Trombino
|
|
Now at 1B: Mark Squires
|
|
|
Batting: RHB Shi-xian Da
|
0-0: Ball 1-0: Called Strike 1-1: Called Strike 1-2: Ball 2-2: SINGLE (Line Drive, 8LS, EV 100.0 MPH)
|
|
Batting: SHB Chris King
|
0-0: Ball 1-0: Foul Ball, location: 2F 1-1: Swinging Strike 1-2: Ball 2-2: Ball 3-2: Fielders Choice at 2nd, 6-4 (Groundball, 6, EV 90.6 MPH)
|
|
Pitching: RHP Austin Raymond
|
|
|
Pinch Hitting: SHB Steve McGee
|
0-0: Ball 1-0: Called Strike 1-1: Foul Ball, location: 2F 1-2: Fly out, F8 (Flyball, 78D, EV 95.0 MPH)
|
|
Batting: RHB Matt Nehman
|
0-0: Ball 1-0: Ball 2-0: Foul Ball, location: 2F 2-1: Called Strike 2-2: Strikes out swinging
|
| Top of the 8th over - 0 runs, 1 hit, 0 errors, 1 left on base; Oakland 4 - Portland 12 |
| BOTTOM OF THE 8TH |
|
Portland Angels batting - Pitching for Oakland Oaks : RHP Josh Rayburn
|
|
Now at 2B: Phoctor Dill
|
|
|
Now at SS: Steve McGee
|
|
|
Batting: RHB Jesse Sargent
|
0-0: Fly out, F8 (Flyball, 8RM, EV 80.0 MPH)
|
|
Batting: LHB Doug Nebel
|
0-0: Called Strike 0-1: Swinging Strike 0-2: Ball 1-2: Ball 2-2: Ball 3-2: Foul Ball, location: 2F 3-2: Foul Ball, location: 2F 3-2: Reached on error, E4 (Groundball, 4, EV 106.9 MPH)
|
|
Pinch Hitting: RHB Shawn Jansen
|
0-0: Ball 1-0: Swinging Strike 1-1: Ball 2-1: Ball 3-1: Base on Balls Doug Nebel to second
|
|
Batting: LHB David Coatney
|
0-0: Ball 1-0: Ball 2-0: Called Strike 2-1: Swinging Strike 2-2: Ball 3-2: Foul Ball, location: 2F 3-2: Foul Ball, location: 2F 3-2: Strikes out swinging
|
|
Batting: RHB Ivan Barrientos
|
0-0: Called Strike 0-1: Foul Ball, location: 2F 0-2: Foul Ball, location: 2F 0-2: Foul Ball, location: 2F 0-2: Strikes out looking
|
| Bottom of the 8th over - 0 runs, 0 hits, 1 error, 2 left on base; Oakland 4 - Portland 12 |
| TOP OF THE 9TH |
|
Oakland Oaks batting - Pitching for Portland Angels : RHP Austin Raymond
|
|
Now at SS: John Harvey
|
|
|
Batting: RHB Mario Medina
|
0-0: Ground out 5-3 (Groundball, 56, EV 93.1 MPH)
|
|
Batting: RHB Moises Guzman
|
0-0: Ball 1-0: Foul Ball, location: 2F 1-1: Swinging Strike 1-2: Ball 2-2: Fly out, F8 (Flyball, 8LD, EV 79.4 MPH)
|
|
Batting: LHB Bryan Hodensack
|
0-0: Ball 1-0: Swinging Strike 1-1: Called Strike 1-2: Strikes out swinging
|
| Top of the 9th over - 0 runs, 0 hits, 0 errors, 0 left on base; Oakland 4 - Portland 12 |
|